 Dungeon Crawl Stone Soup version 0.31.0-32-g396128a36d (webtiles) character file.

Game seed: 10489310325250914683

158 melchizedek the Ruffian (level 5, -7/34 HPs)
             Began as an Octopode Shapeshifter on Apr 17, 2024.
             Was an Initiate of Ru.
             Mangled by an iguana (14 damage)
             ... on level 4 of the Dungeon.
             The game lasted 00:05:46 (2132 turns).

melchizedek the Ruffian (Octopode Shapeshifter)     Turns: 2132, Time: 00:05:46

Health: -7/34      AC:  1    Str: 15    XL:     5   Next: 39%
Magic:  5/5        EV: 19    Int: 12    God:    Ru [......]
Gold:   169        SH:  0    Dex: 18    Spells: 4/4 levels left

rFire   . .          .
                       - Unarmed
rCold   . . .        (no shield)
rNeg    . . .        (helmet currently unavailable)
rPois   .            (no amulet)
rElec   .            m - ring of flight
rCorr   .            u - +5 ring of evasion
SInv    .            w - +6 ring of dexterity
Will    .....        (no ring)
Stlth   +++          (no ring)
HPRegen 0.25/turn    (no ring)
MPRegen 0.09/turn    (no ring)
                     (no ring)

%: no passive effects
@: beast-form, flying
A: beast (slay +2), almost no armour, amphibious, 8 rings, camouflage 1,
gelatinous body 1, (nimble swimmer 1), tentacles
a: Begin Untransformation, Renounce Religion


You were on level 4 of the Dungeon.
You worshipped Ru.
Ru was noncommittal.
You were a hulking beast.
You visited 1 branch of the dungeon, and saw 4 of its levels.

You collected 169 gold pieces.

Inventory:

Hand Weapons
 a - a +0 sling
Missiles
 e - 33 stones
 r - 4 boomerangs (quivered)
Magical Staves
 p - a staff of air
 q - a staff of earth
Jewellery
 m - a ring of flight (left tentacle)
 u - a +5 ring of evasion (right tentacle)
 w - a +6 ring of dexterity (on tentacle)
Talismans
 b - a beast talisman
 c - a flux talisman
Wands
 x - a wand of light (3)
Scrolls
 d - a scroll of vulnerability {unknown}
 j - a scroll of brand weapon {unknown}
 o - 2 scrolls of enchant armour {unknown}
 s - 3 scrolls of fog {unknown}
 t - a scroll of fear {unknown}
 v - a scroll of revelation {unknown}
 y - a scroll of noise {unknown}
Potions
 f - a potion of lignification
 g - 2 potions of heal wounds {unknown}
 h - a potion of haste {unknown}
 i - 3 potions of enlightenment {unknown}
 k - a potion of resistance {unknown}
 l - a potion of curing {unknown}
 n - a potion of degeneration {unknown}


   Skills:
 + Level 2.0 Fighting
 + Level 3.0 Ranged Weapons
 + Level 2.4 Dodging
 + Level 0.4 Stealth
 + Level 3.6 Unarmed Combat
 + Level 3.5 Shapeshifting


You had 4 spell levels left.
You didn't know any spells.
Your spell library was empty.

Dungeon Overview and Level Annotations

Branches:
Dungeon (4/15)
 Temple: D:4-7

Altars:
Ru


Innate Abilities, Weirdness & Mutations

You are a hulking beast.
Your limbs bulge with bestial killing power. (Slay +2)
You cannot wear most types of armour.
You are amphibious.
You can wear up to eight rings at the same time.
Your skin changes colour to match your surroundings (Stealth+).
Your rubbery body absorbs attacks. (AC +1, EV +1)
((You are camouflaged when in or above water. (Stealth+)))
You have tentacles for arms and can constrict up to eight enemies at once.


Message History

The sling bullet barely misses the iguana.
You shoot a sling bullet.
The sling bullet closely misses the iguana.
You shoot a sling bullet.
The sling bullet hits the iguana but does no damage.
You shoot a sling bullet. The sling bullet hits the iguana!
The iguana is heavily wounded.
You shoot a sling bullet. The sling bullet hits the iguana.
The iguana is heavily wounded.
The iguana closely misses you.
You shoot a sling bullet. The sling bullet hits the iguana.
The iguana is severely wounded.
The iguana closely misses you. The iguana barely misses you.
You shoot a sling bullet.
The sling bullet closely misses the iguana.
The iguana completely misses you.
You shoot a sling bullet.
The sling bullet barely misses the iguana.
The iguana bites you.
You shoot a sling bullet.
The sling bullet barely misses the iguana.
The iguana closely misses you.
You shoot a sling bullet.
The sling bullet hits the iguana but does no damage.
The iguana is severely wounded.
The iguana bites you.
You shoot a sling bullet.
The sling bullet barely misses the iguana.
The iguana completely misses you. The iguana barely misses you.
You shoot a sling bullet. The sling bullet hits the iguana.
The iguana is almost dead.
The iguana bites you!
You shoot a sling bullet.
The sling bullet barely misses the iguana.
The iguana bites you!
* * * LOW HITPOINT WARNING * * *
You are too injured to fight recklessly!
You are too injured to fight recklessly!
You are now empty-tentacled.
The iguana bites you!
You die...

##### ...#
#.#####.######
#............#
#######.####.#
..........##..
#################.#.####
......lh..........#.# #
....................# #
##################### #
#.. # #.# #.# # #.# #.#
# #########.## #.# #
#..........# #.# #
####.≈≈≈≈≈≈≈..# #.###


You could see an iguana.

Vanquished Creatures
  A howler monkey (D:4)
  An iguana (D:4)
  5 adders
  A dart slug (D:1)
  2 ribbon worms (D:2)
  An orc (D:3)
  3 endoplasms
  A giant cockroach (D:1)
  4 goblins
  6 hobgoblins
  3 kobolds
  A quokka (D:1)
  5 ball pythons
  4 bats
  3 frilled lizards
  3 rats
44 creatures vanquished.

Notes
Turn   | Place    | Note
-------+----------+-------------------------------------------
     0 | D:1      | melchizedek the Octopode Shapeshifter began the quest for
                  | the Orb.
     0 | D:1      | Reached XP level 1. HP: 13/13 MP: 1/1
   122 | D:1      | Reached XP level 2. HP: 18/18 MP: 2/2
   698 | D:2      | Reached XP level 3. HP: 18/23 MP: 3/3
   798 | D:2      | Reached skill level 1 in Ranged Weapons
  1043 | D:2      | Reached XP level 4. HP: 28/28 MP: 4/4
  1958 | D:4      | Reached XP level 5. HP: 34/34 MP: 5/5
  2005 | D:4      | Found a sacrificial altar of Ru.
  2013 | D:4      | Became a worshipper of Ru the Awakened
  2132 | D:4      | Mangled by an iguana

Illustrated notes

Levels and vault maps discovered:
D:1:      dpeg_arrival_simpleton_b, layout_basic
D:2:      layout_rooms
D:3:      layout_loops_ring, minmay_fountain_box
D:4:      layout_basic, mainiacjoe_overflow_catwalk, uniq_pikel

Skill      XL: |  1  2  3  4  5 |
---------------+----------------+-----
Ranged Weapons | 1 2 3 |  3.0
Fighting       | 2 |  2.0
Dodging        | |  2.4
Stealth        | |  0.4
Unarmed Combat | |  3.6
Shapeshifting  | |  3.5

Action                     |  1- 3 |  4- 6 || total
---------------------------+-------+-------++-------
  Melee: Unarmed           |    26 |    16 ||    42
         Tentacles         |     6 |     6 ||    12
         Constrict         |     6 |     6 ||    12
   Fire: Sling             |    47 |    45 ||    92
 Armour: Skin              |    16 |    15 ||    31
  Dodge: Dodged            |    25 |    44 ||    69
